 Dungeon Crawl Stone Soup version 0.19.0-2-gae57169 (webtiles) character file.

29 Jorund the Digger (level 3, -3/31 HPs)
             Began as an Octopode Earth Elementalist on Nov 2, 2016.
             Slain by a hobgoblin (4 damage)
             ... on level 1 of the Dungeon.
             The game lasted 00:02:51 (697 turns).

Jorund the Digger (Octopode Earth Elementalist)      Turns: 697, Time: 00:02:51

Health: -3/31      AC:  1    Str: 12    XL:     3   Next: 16%
Magic:  0/6        EV: 13    Int: 18    God:
Gold:   11         SH:  0    Dex: 12    Spells: 1 memorised, 6 levels left

rFire  . . .     SeeInvis .     b - 3 stones
rCold  . . .     Gourm    .     (no shield)
rNeg   . . .     Faith    .     (helmet restricted)
rPois  .         Spirit   .     i - amulet of inaccuracy (curse)
rElec  .         Reflect  .     (no ring)
rCorr  .         Harm     .     (no ring)
MR     .....                    (no ring)
Stlth  ..........               (no ring)
                                (no ring)
                                (no ring)
                                (no ring)
                                (no ring)

@: berserking, very quick
A: almost no armour, stealthy swim, amphibious, 8 rings, constrict 8, camouflage
1, gelatinous body 1
a: no special abilities


You were on level 1 of the Dungeon.
You were not hungry.

You visited 1 branch of the dungeon, and saw 1 of its levels.

You collected 11 gold pieces.

Inventory:

Hand Weapons
 a - a +0 dagger
Missiles
 b - 3 stones (in tentacle)
Jewellery
 i - a cursed amulet of inaccuracy (around mantle)
Potions
 e - a potion of lignification
 h - a potion of invisibility {unknown}
Books
 d - a book of Geomancy

   Spells                             Type                      Level
   a - Sandblast                      Earth                        1
   b - Passwall                       Transmutation/Earth          2
   c - Stone Arrow                    Conjuration/Earth            3
   d - Petrify                        Transmutation/Earth          4
   e - Lee's Rapid Deconstruction     Earth                        5
Comestibles
 c - a bread ration
 f - 2 chunks of flesh


   Skills:
 + Level 0.6 Short Blades
 - Level 2.0 Dodging
 - Level 2.6 Stealth
 + Level 2.5 Spellcasting
   Level 1.0 Transmutations
 + Level 3.6 Earth Magic


You had 6 spell levels left.
You knew the following spells:

 Your Spells              Type           Power        Failure   Level  Hunger
a - Sandblast             Erth           ###...       4%          1    #......


Dungeon Overview and Level Annotations

Branches:
Dungeon (1/15)

Altars:


Innate Abilities, Weirdness & Mutations

You cannot wear most types of armour.
You are very stealthy in the water. (Stealth+)
You are amphibious.
You can wear up to eight rings at the same time.
You can use your tentacles to constrict eight enemies at once.
Your skin changes colour to match your surroundings (Stealth+).
Your rubbery body absorbs attacks. (AC +1, EV +1)


Message History

The hobgoblin closely misses you.
Unknown command.
The hobgoblin hits you.
* * * LOW HITPOINT WARNING * * *
The hobgoblin hits you.
* * * LOW HITPOINT WARNING * * *
It was a potion of berserk rage.
A red film seems to cover your vision as you go berserk!
You feel yourself moving faster!
You feel mighty! The hobgoblin misses you.
Really attack while wielding your 3 stones? [Y]es or [N]o only, please.
Really attack while wielding your 3 stones?
Okay, then.
You are too berserk!
Unknown command.
Really attack while wielding your 3 stones?
You barely miss the hobgoblin. You grab the hobgoblin.
The hobgoblin is moderately wounded.
You constrict the hobgoblin. The hobgoblin hits you.
You die...

#.##.##..#.########.#####
#.#.....##.########.#####
#.##>...............)...#
#.##.##.###########.###.#
#.##.##.# #.# #..
#....##.# #.# ##.
####....# #.# #.
#.######### #.# ## #g#
#@g...# #.# # #.#
#.....######.#####
#.###.....##........##
#(..(....(##........##
######(#####........#
#.#.†.#........#
#.#.#.#........#
######.#.#..........#
#.........###........#


You could see a hobgoblin.

Vanquished Creatures
  An ooze (D:1)
  2 dart slugs (D:1)
  A leopard gecko (D:1)
  A giant cockroach (D:1)
  2 goblins (D:1)
  3 hobgoblins (D:1)
  2 jackals (D:1)
  A ball python (D:1)
  A bat (D:1)
  3 kobolds (D:1)
  A rat (D:1)
18 creatures vanquished.

Notes
Turn   | Place    | Note
-------+----------+-------------------------------------------
     0 | D:1      | Jorund the Octopode Earth Elementalist began the quest for the Orb.
     0 | D:1      | Reached XP level 1. HP: 11/11 MP: 3/3
   123 | D:1      | Reached XP level 2. HP: 14/17 MP: 5/5
   547 | D:1      | Reached XP level 3. HP: 21/21 MP: 3/6
   694 | D:1      | HP: 1/21 [hobgoblin (3)]
   697 | D:1      | Slain by a hobgoblin

Action                   || total
-------------------------++-------
Melee: Dagger            ||    16
       Constrict         ||     4
 Cast: Sandblast         ||    32
  Use: Scroll            ||     3
       Potion            ||     1
 Stab: Sleeping          ||     1
Armor: Skin              ||     2
Dodge: Dodged            ||    42
